 Seeded DCSS version 0.30.1-11-g7821555f0a (webtiles) character file.

Game seed: 430007637681659361 (custom seed)

56 mattiecakes the Chopper (level 3, -6/31 HPs)
             Began as a Hill Orc Fighter on Nov 10, 2023.
             Mangled by Terence
             ... wielding a +0 hand axe of electrocution
              (20 damage)
             ... on level 2 of the Dungeon.
             The game lasted 00:01:42 (795 turns).

mattiecakes the Chopper (Hill Orc Fighter)           Turns: 795, Time: 00:01:43

Health: -6/31      AC:  8    Str: 20    XL:     3   Next: 95%
Magic:  3/3        EV:  9    Int:  8    God:
Gold:   55         SH:  4    Dex: 10    Spells: 2/2 levels left

rFire   . . .        g - +3 war axe
rCold   . . .        c - +0 buckler
rNeg    . . .        b - +0 scale mail
rPois   .            (no helmet)
rElec   .            (no cloak)
rCorr   .            o - +0 pair of gloves
SInv    .            (no boots)
Will    .....        (no amulet) Stlth
                     k - ring of flight
HPRegen 0.25/turn    (no ring)
MPRegen 0.08/turn

%: no passive effects
@: flying
A: no striking features
a: no special abilities


You were on level 2 of the Dungeon.
You visited 1 branch of the dungeon, and saw 2 of its levels.

You collected 55 gold pieces.

Inventory:

Hand Weapons
 a - a +0 war axe
 g - a +3 war axe (weapon)
Armour
 b - a +0 scale mail (worn)
 c - a +0 buckler (worn)
 o - a +0 pair of gloves (worn)
Jewellery
 k - a ring of flight (left hand)
Scrolls
 e - 2 scrolls of noise {unknown}
 f - a scroll of vulnerability {unknown}
 i - a scroll of identify {unknown}
 j - a scroll of brand weapon {unknown}
 m - a scroll of fear {unknown}
Potions
 d - a potion of might
 h - a potion of curing {unknown}
 l - a potion of cancellation {unknown}
 n - a potion of ambrosia {unknown}


   Skills:
 - Level 3.6 Fighting
 + Level 5.5 Axes
 - Level 3.2 Armour
 - Level 3.2 Shields


You had 2 spell levels left.
You didn't know any spells.
Your spell library contained the following spells:

 Spells                   Type           Power      Damage    Failure   Level
 Sandblast                Erth           0%         2d4       83%         1
 Passwall                 Tmut/Erth      0%         N/A       93%         2
 Stone Arrow              Conj/Erth      0%         3d7       99%         3


Dungeon Overview and Level Annotations

Branches:
Dungeon (2/15)

Altars:

Annotations:
D:2 Terence


Message History

You slash the giant cockroach!
You kill the giant cockroach!
No target in view!
No target in view!
No target in view!
No target in view!
No target in view!
No target in view!
No target in view!
No target in view!
No target in view!
No target in view!
No target in view!
No target in view!
HP restored.
Found a stone staircase leading down.
Found 5 stones.
There is a stone staircase leading down here.
Terence and an adder come into view.
Terence is wielding a +0 hand axe of electrocution and carrying a wand of flame (26).
Terence shouts!
The adder hisses angrily.
There are monsters nearby!
Found a helmet.
You see here 5 stones.
Found a stone.
A ball python comes into view.
You miss the adder.
The ball python hisses angrily.
The adder bites you.
Terence zaps a wand.
The puff of flame hits you. The adder bites you but does no damage.
You slash the adder!
You kill the adder!
A rat comes into view.
Terence zaps a wand.
The puff of flame hits you!
You hit Terence.
Terence is lightly wounded.
Terence hits you with a +0 hand axe of electrocution.
You are electrocuted!!
Ouch! That really hurt!
You die...

#####..##
#.....>.#
#####.#####.#
#....<# #.#
#..##### #.#
.. #.# #(###
##...##
#..@..# ####.
#....@S.....
.....
#............
#
#............
#
#........r...
#...[........
#(...........
#............


You could see Terence, a ball python and a rat.

Vanquished Creatures
  2 adders (D:2)
  A dart slug (D:1)
  An endoplasm (D:2)
  4 giant cockroaches
  2 goblins (D:1)
  5 hobgoblins
  2 quokkas (D:1)
  6 ball pythons
  6 bats (D:1)
  A frilled lizard (D:1)
  A kobold (D:1)
  4 rats (D:1)
35 creatures vanquished.

Notes
Turn   | Place    | Note
-------+----------+-------------------------------------------
     0 | D:1      | mattiecakes the Hill Orc Fighter began the quest for the
                  | Orb.
     0 | D:1      | Reached XP level 1. HP: 19/19 MP: 1/1
    52 | D:1      | Reached skill level 3 in Axes
   129 | D:1      | Reached XP level 2. HP: 26/26 MP: 2/2
   250 | D:1      | Reached skill level 4 in Axes
   518 | D:1      | Reached XP level 3. HP: 30/31 MP: 3/3
   571 | D:1      | You are sucked into a shaft and drop 1 floor!
   620 | D:2      | Reached skill level 5 in Axes
   789 | D:2      | Noticed Terence
   795 | D:2      | Mangled by Terence

Illustrated notes

Levels and vault maps discovered:
D:1:      wander_arrival_chamber, layout_basic, kennysheep_boxes
D:2:      layout_rooms, dilly_ecumenical_altar_fadedgnrine, basic_altar,
          uniq_terence

Skill      XL: |  1  2  3 |
---------------+----------+-----
Axes           | 3 4 5 |  5.5
Fighting       | |  3.6
Armour         | |  3.2
Shields        | |  3.2

Action                     || total
---------------------------++-------
  Melee: War axe           ||    82
 Armour: Scale mail        ||    43
  Dodge: Dodged            ||    44
  Block: Buckler           ||    19
